 Dungeon Crawl Stone Soup version 0.21.1-1-g345015f (webtiles) character file.

43 diana the Sneak (level 3, -1/17 HPs)
             Began as a Spriggan Enchanter on June 16, 2018.
             Slain by a worm (11 damage)
             ... on level 2 of the Dungeon.
             The game lasted 00:04:33 (1983 turns).

diana the Sneak (Spriggan Enchanter)                Turns: 1983, Time: 00:04:34

Health: -1/17      AC:  2    Str:  5    XL:     3   Next: 37%
Magic:  8/8        EV: 19    Int: 16    God:
Gold:   64         SH:  0    Dex: 16    Spells: 4/8 levels left

rFire    . . .     SeeInvis +   a - +1 dagger
rCold    . . .     Gourm    .   (shield restricted)
rNeg     . . .     Faith    .   b - +0 robe
rPois    .         Spirit   .   (helmet restricted)
rElec    .         Reflect  .   (no cloak)
rCorr    .         Harm     .   (gloves unavailable)
MR       .....                  (boots unavailable)
Stlth    +++.......             (no amulet)
HPRegen  0.05/turn              (no ring)
MPRegen  0.11/turn              (no ring)

@: very quick
A: very small, unfitting armour, see invisible, herbivore, speed 3, slow
metabolism 2
a: no special abilities


You were on level 2 of the Dungeon.
You were hungry.

You visited 1 branch of the dungeon, and saw 2 of its levels.

You collected 64 gold pieces.

Inventory:

Hand Weapons
 a - a +1 dagger (weapon)
Armour
 b - a +0 robe (worn)
Scrolls
 e - a scroll of fog {unknown}
 f - a scroll of enchant weapon {unknown}
 j - a scroll of magic mapping {unknown}
 k - a scroll of teleportation {unknown}
Potions
 g - a potion of might {unknown}
 h - 2 potions of berserk rage {unknown}
 i - a potion of ambrosia {unknown}
Books
 c - a book of Maledictions

   Spells                             Type                      Level
   a - Corona                         Hexes                        1
   b - Ensorcelled Hibernation        Hexes/Ice                    2
   c - Confuse                        Hexes                        3
   d - Tukima's Dance                 Hexes                        3
   e - Dazzling Spray                 Conjuration/Hexes            3
Comestibles
 d - 3 rations


   Skills:
 + Level 0.6 Fighting
 * Level 2.1 Short Blades
 + Level 3.4 Dodging
 + Level 4.9 Stealth
 + Level 3.1 Spellcasting
 + Level 3.9 Hexes


You had 4 spell levels left.
You knew the following spells:

 Your Spells              Type           Power        Failure   Level  Hunger
a - Corona                Hex            ###....      3%          1    None
b - Confuse               Hex            ###.....     11%         3    ###....


Dungeon Overview and Level Annotations

Branches:
Dungeon (2/15)

Altars:


Innate Abilities, Weirdness & Mutations

You are very small and have problems with some larger weapons.
You are too small for most types of armour.
You have supernaturally acute eyesight. (SInv)
You are a herbivore.
You cover ground extremely quickly.
You need consume almost no food.


Message History

The giant cockroach misses you.
You hit the giant cockroach but do no damage.
The giant cockroach is almost dead.
The bat barely misses you. x2; The giant cockroach bites you.
You hit the giant cockroach.
You kill the giant cockroach!
The bat closely misses you. The bat misses you.
You barely miss the bat. The bat hits you.
You hit the worm but do no damage. The bat hits you but does no damage.
You hit the worm but do no damage. The bat closely misses you.
The worm bites you.
You hit the worm.
The worm is lightly wounded.
The bat misses you.
You hit the worm.
The worm is moderately wounded.
The bat completely misses you. The worm bites you!
Ouch! That really hurt!
You die...

.... .... ......
#####+##+ ......
#........ ......
#........
$.....##........
......†.........
......w@..$.....
#+###..b........ ###
#.........###### #.#
#.........# #.###
...(......# #..<#
.........)# ######.###
..........# #......#
..#####+#.###.###..#####
. #.#.............


You could see a worm and a bat.

Vanquished Creatures
  5 dart slugs (D:1)
  A leopard gecko (D:1)
  4 giant cockroaches
  5 hobgoblins (D:1)
  5 bats (D:1)
  4 goblins (D:1)
  4 kobolds (D:1)
  2 rats
  A bush (D:1)
31 creatures vanquished.

Notes
Turn   | Place    | Note
-------+----------+-------------------------------------------
     0 | D:1      | diana the Spriggan Enchanter began the quest for the Orb.
     0 | D:1      | Reached XP level 1. HP: 9/9 MP: 5/5
   394 | D:1      | Reached XP level 2. HP: 13/13 MP: 6/6
  1277 | D:1      | Reached XP level 3. HP: 10/17 MP: 5/8
  1884 | D:1      | Learned a level 3 spell: Confuse
  1983 | D:2      | Slain by a worm

Skill      XL: |  1  2  3 |
---------------+----------+-----
Short Blades   | 2 |  2.1
Spellcasting   | 3 |  3.1
Fighting       | |  0.6
Dodging        | |  3.4
Stealth        | |  4.9
Hexes          | |  3.9

Action                   || total
-------------------------++-------
Melee: Dagger            ||   617
 Cast: Corona            ||    22
 Stab: Sleeping          ||    11
Armor: Robe              ||    23
Dodge: Dodged            ||   197
